 Dungeon Crawl Stone Soup version 0.28.0-1-gb440e238dd (webtiles) character file.

Game seed: 18358518880667812870

161 cbfl8 the Sneak (level 5, 0/46 HPs)
             Began as a Minotaur Delver on Feb 24, 2022.
             Slain by Blork the orc (9 damage)
             ... on level 5 of the Dungeon.
             The game lasted 00:01:39 (1344 turns).

cbfl8 the Sneak (Minotaur Delver)                   Turns: 1344, Time: 00:01:40

Health: 0/46       AC:  8    Str: 18    XL:     5   Next: 18%
Magic:  4/4        EV:  7    Int:  7    God:
Gold:   44         SH:  3    Dex: 12    Spells: 4/4 levels left

rFire   . . .      SeeInvis .   a - +0 hand axe
rCold   . . .      Faith    .   j - +0 buckler
rNeg    . . .      Spirit   .   h - +0 chain mail
rPois   .          Reflect  .   (helmet restricted)
rElec   .          Harm     .   (no cloak)
rCorr   .          Rampage  .   (no gloves)
Will    .....                   (no boots)
Stlth   ..........              (no amulet)
HPRegen 0.15/turn               (no ring)
MPRegen 0.09/turn               (no ring)

@: no status effects
A: horns 2, retaliatory headbutt
a: no special abilities


You were on level 5 of the Dungeon.
You visited 1 branch of the dungeon, and saw 2 of its levels.

You collected 44 gold pieces.

Inventory:

Hand Weapons
 a - a +0 hand axe (weapon)
Armour
 b - a +0 leather armour
 h - a +0 chain mail (worn)
 j - a +0 buckler (worn)
Wands
 g - a wand of digging (3)
Scrolls
 c - 3 scrolls of fog
 d - a scroll of magic mapping
 e - 2 scrolls of fear
 k - a scroll of torment {unknown}
 l - a scroll of identify {unknown}
 m - a scroll of vulnerability {unknown}
 n - a scroll of enchant weapon {unknown}
Potions
 f - a potion of haste
 i - 2 potions of cancellation {unknown}


   Skills:
 + Level 4.3 Fighting
 + Level 3.3 Axes
 + Level 1.6 Armour
 + Level 2.4 Dodging
 + Level 5.4 Stealth


You had 4 spell levels left.
You didn't know any spells.
Your spell library was empty.

Dungeon Overview and Level Annotations

Branches:
Dungeon (5/15)
 Temple: D:4-7

Altars:

Annotations:
D:5 Blork the orc


Innate Abilities, Weirdness & Mutations

You have a pair of horns on your head.
You reflexively headbutt those who attack you in melee.


Message History

Blork the orc is moderately wounded.
Blork the orc barely misses you.
Blork the orc gestures at you while chanting.
The magic dart hits you but does no damage.
You hit Blork the orc. You headbutt Blork the orc.
Blork the orc is severely wounded.
Blork the orc grins evilly.
Blork the orc hits you but does no damage.
You barely miss Blork the orc.
Blork the orc is severely wounded.
Blork the orc closely misses you.
You closely miss Blork the orc. You headbutt Blork the orc.
Blork the orc is severely wounded.
Blork the orc hits you with a +0 dire flail.
You hit Blork the orc but do no damage.
Blork the orc is severely wounded.
Blork the orc closely misses you.
You closely miss Blork the orc.
Blork the orc is severely wounded.
Blork the orc hits you with a +0 dire flail.
Blork the orc hits you with a +0 dire flail!
You closely miss Blork the orc.
Blork the orc is severely wounded.
Blork the orc hits you with a +0 dire flail.
You completely miss Blork the orc.
Blork the orc is severely wounded.
Blork the orc hits you with a +0 dire flail.
You hit Blork the orc but do no damage. You headbutt Blork the orc.
Blork the orc is almost dead.
Blork the orc gestures at you while chanting.
The puff of flame hits you!
* * * LOW HITPOINT WARNING * * *
You barely miss Blork the orc.
Blork the orc is almost dead.
Blork the orc hits you with a +0 dire flail.
* * * LOW HITPOINT WARNING * * *
You hit Blork the orc.
Blork the orc is almost dead.
Blork the orc hits you with a +0 dire flail!
You die...

#.#.#### .
###.#..... ##.
#...###### #..
#.### #.# # #.#
#.###.###.# #.....
#..# ##o.# #.##
#$@.# #(# #.#)#
##.##
#.#.####...######
#.#......#......#
#.######...####...
#.# ##..# #.# ##.#
#.# #.# #.#
#.#######


You could see Blork the orc.

Vanquished Creatures
  A howler monkey (D:5)
  A hound (D:5)
  An orc priest (D:5)
  A bullfrog skeleton (D:5)
  An orc wizard (D:4)
  A dart slug (D:4)
  2 orcs (D:4)
  A quokka (D:5)
9 creatures vanquished.

Notes
Turn   | Place    | Note
-------+----------+-------------------------------------------
     0 | D:5      | cbfl8 the Minotaur Delver began the quest for the Orb.
     0 | D:5      | Reached XP level 1. HP: 19/19 MP: 0/0
    56 | D:5      | Noticed a hound
    62 | D:5      | Killed a hound
    63 | D:5      | Reached XP level 2. HP: 16/27 MP: 1/1
    63 | D:5      | Reached XP level 3. HP: 20/33 MP: 2/2
   419 | D:5      | Reached skill level 5 in Stealth
   750 | D:4      | Reached XP level 4. HP: 8/40 MP: 3/3
  1002 | D:5      | Reached skill level 1 in Armour
  1215 | D:5      | Reached XP level 5. HP: 40/46 MP: 4/4
  1329 | D:5      | Noticed Blork the orc
  1344 | D:5      | Slain by Blork the orc

Illustrated notes

Levels and vault maps discovered:
D:4:      layout_loops_ring, nicolae_overflow_quartered_altars,
          lemuel_coloured_pillars_altar
D:5:      layout_loops_ring, uniq_blork_the_orc

Skill      XL: |  1  2  3  4 |
---------------+-------------+-----
Fighting       | 4 |  4.3
Stealth        | 5 |  5.4
Axes           | 3 |  3.3
Armour         | 1 |  1.6
Dodging        | |  2.4

Action                   |  1- 3 |  4- 6 || total
-------------------------+-------+-------++-------
Melee: Hand axe          |    28 |    24 ||    52
       Headbutt          |     3 |     6 ||     9
       Punch             |       |     1 ||     1
Armor: Leather armour    |     1 |       ||     1
       Chain mail        |    14 |     6 ||    20
Dodge: Dodged            |    12 |     9 ||    21
Block: Buckler           |       |     2 ||     2
